 Dungeon Crawl Stone Soup version 0.31.0-11-ge490571c62 (webtiles) character file.

Game seed: 7862268221336407146

268 qw the Skirmisher (level 6, -3/35 HPs)
             Began as a Deep Elf Hunter on Feb 4, 2024.
             Incinerated by a bombardier beetle (4 damage)
             ... with a burning spray
             ... on level 3 of the Dungeon.
             The game lasted 00:00:39 (2813 turns).

qw the Skirmisher (Deep Elf Hunter)                 Turns: 2813, Time: 00:00:39

Health: -3/35      AC:  6    Str: 10    XL:     6   Next: 0%
Magic:  8/8        EV: 11    Int: 14    God:
Gold:   182        SH:  0    Dex: 18    Spells: 5/5 levels left

rFire   . . .        a - +1 shortbow
rCold   . . .        (shield currently unavailable)
rNeg    . . .        g - +0 ring mail
rPois   .            e - +0 helmet
rElec   .            (no cloak)
rCorr   .            (no gloves)
SInv    +            (no boots)
Will    .....        (no amulet)
Stlth   +            b - ring of see invisible
HPRegen 0.25/turn    (no ring)
MPRegen 0.11/turn

%: no passive effects
@: on fire, glowing
A: no striking features
a: no special abilities


You were on level 3 of the Dungeon.
You visited 1 branch of the dungeon, and saw 5 of its levels.

You collected 210 gold pieces.
You spent 28 gold pieces at shops.


   Skills:
 - Level 2.2 Fighting
 + Level 9.2 Ranged Weapons
 - Level 2.4 Dodging
 - Level 1.2 Stealth


You had 5 spell levels left.
You didn't know any spells.
Your spell library was empty.

Inventory:

Hand Weapons
 a - a +1 shortbow (weapon)
Armour
 e - a +0 helmet (worn)
 g - a +0 ring mail (worn)
Jewellery
 b - a ring of see invisible (left hand)
 c - a ring of flight
Scrolls
 d - 2 scrolls of teleportation
 i - 2 scrolls of poison {unknown}
 j - a scroll of noise {unknown}
Potions
 f - a potion of heal wounds
 h - a potion of enlightenment

Dungeon Overview and Level Annotations

Branches:
Dungeon (5/15)
 Temple: D:4-7

Altars:
Gozag

Shops:
D:2 ?   D:3 :


Message History

The arrow hits the endoplasm but does no damage.
The endoplasm is almost dead.
You shoot an arrow. The arrow hits the endoplasm!
You kill the endoplasm!
A bombardier beetle comes into view.
You shoot an arrow. The arrow hits the bombardier beetle!
The bombardier beetle is heavily wounded.
You shoot an arrow. The arrow hits the bombardier beetle.
The bombardier beetle is severely wounded.
The bombardier beetle sprays incendiary fluid at you.
The burning spray hits you.
You are covered in liquid fire!
You shoot an arrow. The arrow hits the bombardier beetle.
The bombardier beetle is almost dead.
The liquid fire burns you!
You shoot an arrow.
The arrow hits the bombardier beetle but does no damage.
The bombardier beetle is almost dead.
The liquid fire burns you!
You shoot an arrow. The arrow hits the bombardier beetle.
You kill the bombardier beetle!
The liquid fire burns you!
You have reached level 6!
You are on fire!
The liquid fire burns you!
You are on fire!
The liquid fire burns you!
You are on fire!
The liquid fire burns you!
You are on fire!
The liquid fire burns you!
You are on fire!
The liquid fire burns you!
You are on fire!
The liquid fire burns you!
You are on fire!
The liquid fire burns you!
You are on fire!
The liquid fire burns you!
You die...

#..........#..........
####...........#....##
###...#######.#.##
..#...# #.#.###
#.###.#######......
#.7##...........###
.%##########.### #7\7
#.##### #.@# #......
#.7##### #.#####
#......# #.#####
######.# #...... #.#
########## #.#
#......... #.#
#.######## #.# #.# #.#
#.#


There were no monsters in sight!

Vanquished Creatures
  A bombardier beetle (D:3)
  A hound (D:4)
  An iguana (D:5)
  An orc wizard (D:3)
  A gnoll (D:5)
  6 adders
  A shadow imp (D:4)
  A dart slug (D:3)
  2 ribbon worms (D:2)
  3 orcs (D:3)
  5 ball pythons
  5 bats
  6 endoplasms
  A giant cockroach (D:3)
  5 goblins
  9 hobgoblins
  3 jackals (D:3)
  6 quokkas
  3 frilled lizards
  6 kobolds
  4 rats
71 creatures vanquished.

Notes
Turn   | Place    | Note
-------+----------+-------------------------------------------
     0 | D:1      | qw the Deep Elf Hunter began the quest for the Orb.
     0 | D:1      | Reached XP level 1. HP: 12/12 MP: 3/3
     0 | D:1      | 0 ||| qw: Version: 0.3-a-160-g6735b56
     0 | D:1      | 0 ||| qw: Game counter: 6003
     0 | D:1      | 0 ||| qw: Melee chars always use a shield: true
     0 | D:1      | 0 ||| qw: God list: Okawaru
     0 | D:1      | 0 ||| qw: Allow faded altars: false
     0 | D:1      | 0 ||| qw: Do Orc after clearing Dungeon:15 true
     0 | D:1      | 0 ||| qw: Do second Lair branch before Depths: true
     0 | D:1      | 0 ||| qw: Lair rune preference: random
     0 | D:1      | 0 ||| qw: Goals: Normal
     0 | D:1      | 0 ||| PLANNING D:1-11
   170 | D:1      | Reached XP level 2. HP: 16/16 MP: 4/4
   192 | D:1      | Reached skill level 6 in Ranged Weapons
   613 | D:1      | 613 ||| READING scroll labelled UJUSOT HAICWY.
   614 | D:1      | 614 ||| READING scroll labelled HUREATAQUI.
   614 | D:1      | 614 ||| IDENTIFYING fizzy dark potion
   615 | D:1      | 615 ||| DROPPING scroll of butterflies.
   616 | D:1      | 616 ||| DROPPING potion of ambrosia.
   699 | D:2      | Found Gokips's Magic Scroll Shoppe.
   706 | D:2      | Reached XP level 3. HP: 20/20 MP: 5/5
   713 | D:2      | 713 ||| SHOPLISTING scroll of enchant weapon (105 gold,
                  | have 36).
   713 | D:2      | 713 ||| BUYING scroll of identify (28 gold).
   713 | D:2      | Bought a scroll of identify for 28 gold pieces
   713 | D:2      | 713 ||| SHOPLISTING scroll of identify (28 gold, have 8).
   713 | D:2      | 713 ||| SHOPLISTING scroll of teleportation (42 gold, have
                  | 8).
  1095 | D:2      | Reached skill level 7 in Ranged Weapons
  1647 | D:2      | 1647 ||| UPGRADING to +0 helmet.
  1652 | D:2      | 1652 ||| UPGRADING to +0 ring mail.
  1662 | D:2      | 1662 ||| DROPPING +0 leather armour.
  1663 | D:2      | 1663 ||| READING 2 scrolls of identify.
  1663 | D:2      | 1663 ||| IDENTIFYING emerald potion
  1664 | D:2      | 1664 ||| READING scroll of identify.
  1664 | D:2      | 1664 ||| IDENTIFYING puce potion
  1665 | D:2      | 1665 ||| READING scroll labelled LYREKU POPTE.
  1666 | D:2      | 1666 ||| READING scroll labelled ZUSHRA JUYBAMA.
  1666 | D:2      | 1666 ||| ENCHANTING +0 shortbow.
  1667 | D:2      | 1667 ||| DRINKING 2 golden potions.
  1668 | D:2      | 1668 ||| DROPPING potion of invisibility.
  1774 | D:3      | Reached XP level 4. HP: 25/25 MP: 6/6
  1845 | D:3      | You fall into a shaft and drop 2 floors!
  1845 | D:5      | Entered Level 5 of the Dungeon
  1858 | D:5      | 1858 ||| UPGRADING to ring of see invisible.
  1946 | D:5      | Reached skill level 8 in Ranged Weapons
  1946 | D:5      | 1946 ||| FLEEEEING.
  1947 | D:5      | 1947 ||| FLEEEEING.
  1948 | D:5      | 1948 ||| FLEEEEING.
  1949 | D:5      | 1949 ||| FLEEEEING.
  1950 | D:5      | 1950 ||| STAIRDANCE
  2049 | D:4      | Reached XP level 5. HP: 27/29 MP: 7/7
  2099 | D:4      | Found an opulent altar of Gozag.
  2256 | D:4      | 2256 ||| READING scroll of identify.
  2256 | D:4      | 2256 ||| IDENTIFYING scroll labelled TOYKOCZ FIWKYU
  2261 | D:4      | 2261 ||| FLEEEEING.
  2262 | D:4      | 2262 ||| STAIRDANCE
  2582 | D:3      | Reached skill level 9 in Ranged Weapons
  2798 | D:3      | Found Wiasautz's Book Shoppe.
  2806 | D:3      | Reached XP level 6. HP: 24/35 MP: 8/8
  2810 | D:3      | HP: 8/35 [burnt (4)]
  2812 | D:3      | HP: 1/35 [burnt (4)]
  2813 | D:3      | Incinerated by a bombardier beetle

Levels and vault maps discovered:
D:1:      dpeg_arrival_boxorama, layout_loops_cross
D:2:      layout_basic, serial_shops, shop, grunt_decor_clamped
D:3:      layout_loops_ring, serial_shops, nicolae_shop_trees,
          minmay_joined_circles
D:4:      layout_loops_cross, grunt_gozag_statues,
          nicolae_overflow_crystal_walls
D:5:      layout_rooms, nemelex_dance_club_becter,
          nicolae_ru_great_annihilating_truth,
          minmay_temple_entry_statues_pillars, palyth_stone_intersect,
          uniq_pikel

Skill      XL: |  1  2  3  4  5 |
---------------+----------------+-----
Ranged Weapons | 6 7 8 9 |  9.2
Fighting       | 2 |  2.2
Dodging        | |  2.4
Stealth        | |  1.2

Action                     |  1- 3 |  4- 6 || total
---------------------------+-------+-------++-------
   Fire: Shortbow          |   123 |   111 ||   234
    Use: Scroll            |     6 |     1 ||     7
         Potion            |     1 |       ||     1
 Armour: Leather armour    |    11 |       ||    11
         Ring mail         |     2 |    36 ||    38
  Dodge: Dodged            |    20 |    35 ||    55

Table legend:
 A = Non-vault XP
 B = Vault XP
 C = Vault XP percentage of total XP
 D = Non-vault monster count
 E = Vault monster count
 F = Vault count percentage of total count
                 A         B        C        D         E       F
            +---------+---------+-------+---------+---------+-------
      Total |     309 |      74 |  19.3 |      55 |      16 |  22.5
            +---------+---------+-------+---------+---------+-------
        D:1 |      28 |       0 |   0.0 |      18 |       0 |   0.0
        D:2 |      53 |       0 |   0.0 |      15 |       0 |   0.0
        D:3 |     119 |      74 |  38.3 |      17 |      16 |  48.5
        D:4 |      56 |       0 |   0.0 |       3 |       0 |   0.0
        D:5 |      53 |       0 |   0.0 |       2 |       0 |   0.0
            +---------+---------+-------+---------+---------+-------
